 Dungeon Crawl Stone Soup version 0.30.0-18-gc0e69614cb (webtiles) character file.

Game seed: 9532426170347119323

136472 Mahakala the Severer (level 16, -3/232 HPs)
             Began as a Minotaur Berserker on May 24, 2023.
             Was a High Priest of Trog.
             Slain by an orc warrior
             ... wielding a +0 trident
              (7 damage)
             ... on level 2 of the Orcish Mines.
             The game lasted 01:27:44 (25373 turns).

Mahakala the Severer (Minotaur Berserker)          Turns: 25373, Time: 01:27:44

Health: -3/232     AC: 26    Str: 27    XL:     16   Next: 66%
Magic:  0/15       EV: 11    Int:  6    God:    Trog [*****.]
Gold:   2392       SH:  0    Dex: 11    Spells: 15/15 levels left

rFire   + . .        F - +2 battleaxe (heavy)
rCold   + . .        (shield currently unavailable)
rNeg    . . .        b - +3 plate armour {rF+}
rPois   .            y - +2 hat
rElec   +            a - +1 cloak {Will+}
rCorr   .            (no gloves)
SInv    +            (no boots)
Will    ++...        S - amulet of guardian spirit Stlth
                     o - ring of Puseliss {Fly rElec SInv}
HPRegen 0.58/turn    P - ring of protection from cold
MPRegen 0.14/turn

%: guardian spirit
@: berserking (expiring), lethally poisoned (-3 -> -3), flying, studying Unarmed
Combat, very quick
A: horns 2, retaliatory headbutt
a: Renounce Religion, Berserk, Trog's Hand, Brothers in Arms


You were on level 2 of the Orcish Mines.
You worshipped Trog.
Trog was extremely pleased with you.
You visited 4 branches of the dungeon, and saw 23 of its levels.
You also visited: Bailey, Gauntlet, Ice Cave and Volcano.

You collected 2703 gold pieces.
You spent 311 gold pieces at shops.

Inventory:

Hand Weapons
 z - a +2 antimagic battleaxe
 F - a +2 heavy battleaxe (weapon)
 Q - a +1 scimitar of flaming
Missiles
 g - 2 curare-tipped darts {!f}
 r - 46 poisoned darts (quivered)
 s - 5 throwing nets {!f}
 A - 8 silver javelins
 G - 8 boomerangs
 K - 2 silver boomerangs
Armour
 a - a +1 cloak of willpower (worn)
 b - a +3 plate armour of fire resistance (worn)
 y - a +2 hat (worn)
 V - a scarf of resistance
Jewellery
 o - the ring of Puseliss (left hand) {Fly rElec SInv}
   (You found it on level 3 of the Dungeon)

   [ring of flight]

   rElec:     It insulates you from electricity.
   SInv:      It lets you see invisible.
   Fly:       It grants you flight.
 P - a ring of protection from cold (right hand)
 S - an amulet of guardian spirit (around neck)
Wands
 c - a wand of mindburst (6)
 d - a wand of roots (11)
 t - a wand of flame (60)
 u - a wand of charming (39)
 x - a wand of light (21)
 R - a wand of polymorph (12)
Scrolls
 f - 3 scrolls of fear {unknown}
 h - 14 scrolls of teleportation {@r4}
 j - 3 scrolls of poison
 m - 4 scrolls of fog
 w - 4 scrolls of blinking {@r3}
 B - 3 scrolls of brand weapon
 C - a scroll of magic mapping
 D - 9 scrolls of enchant weapon
 J - 7 scrolls of enchant armour
 L - a scroll of vulnerability {unknown}
 M - a scroll of silence
 N - 3 scrolls of immolation
Potions
 e - 3 potions of berserk rage
 i - 4 potions of invisibility
 k - 15 potions of curing {@q1}
 l - 8 potions of attraction
 n - 8 potions of haste {@q3}
 p - 4 potions of cancellation
 q - 2 potions of lignification
 E - 2 potions of resistance
 H - 3 potions of ambrosia
 I - 7 potions of heal wounds {@q2}
 W - 3 potions of might
Miscellaneous
 v - a phantom mirror
 O - a lightning rod (4/4)


   Skills:
 + Level 17.2 Fighting
 - Level 20.0 Axes
 - Level 10.0 Throwing
 - Level 19.0 Armour
 + Level 8.5 Dodging
 + Level 7.3 Evocations


You had 15 spell levels left.
You didn't know any spells.
Your spell library was empty.

Dungeon Overview and Level Annotations

Branches:
Dungeon (15/15)            Temple (1/1) D:7            Lair (5/5) D:10
 Shoals (0/4) Lair:2       Spider (0/4) Lair:3        Slime (0/5) Lair:5
    Orc (2/2) D:12            Elf (0/3) Orc:2        Vaults (0/5) D:13
 Depths (0/4) D:15         Bailey (visited)           IceCv (visited)
Volcano (visited)         Gauntlet (visited)

Altars:
Ashenzari
Cheibriados
Dithmenos
Elyvilon
Fedhas
Gozag
Hepliaklqana
Kikubaaqudgha
Makhleb
Nemelex Xobeh
Okawaru
Qazlal
Ru
Sif Muna
Trog
Uskayaw
Vehumet
Wu Jian
Xom
Yredelemnul
Zin
The Shining One
Jiyva

Shops:
D:2 *   D:7 =   D:11 !   D:13 (   Orc:2 *

Portals:
Hell: Lair:5
Trove: D:12 (give +5 ice dragon scales)

Annotations:
D:11 2 transporters, tizbic2's ghost, journeyman NaFi
Orc:2 1 exclusion


Innate Abilities, Weirdness & Mutations

You have a pair of horns on your head.
You reflexively headbutt those who attack you in melee.


Message History

An orc warrior comes into view. It is wielding a +0 scimitar.
The orc hits you but does no damage.
An orc comes into view. It is wielding a +0 club.
You barely miss the soul eater.
The soul eater is severely wounded.
You feel sick.
The soul eater hits you but does no damage.
An orc comes into view. It is wielding a +5 short sword.
The orc warrior misses you. The orc hits you but does no damage.
An orc comes into view. It is wielding a +0 hand axe.
Unknown command.
An orc priest comes into view. It is wielding a +0 mace.
You feel sick.
The orc priest shouts!
You hear a shout!
You closely miss the orc sorcerer. You headbutt the orc sorcerer!
The orc sorcerer is heavily wounded.
You slash the orc high priest! You slice the orc!!
You feel the power of Trog in you as your rage grows.
You kill the orc!
Trog accepts your kill.
You slice the soul eater like a ripe choko!!!
You kill the soul eater!
The soul eater disappears in a puff of smoke!
The orc sorcerer hits you but does no damage.
The orc high priest misses you.
Unknown command.
You chop the orc sorcerer into pieces!!!
You kill the orc sorcerer!
Trog accepts your kill.
Trog appreciates your killing of a magic user.
The rust devil disappears in a puff of smoke!
You closely miss the orc high priest.
You feel sick.
You slice the orc high priest!!
The orc high priest is severely wounded.
You feel sick.
The orc priest invokes the aid of Beogh against you.
Beogh smites you!
* * * LOW HITPOINT WARNING * * *
The orc warrior hits you from afar with a +0 trident!
You die...

,,,,,*
#.......####...........##
,,,,,*
#........#.....###......#
,,,*** #...#.#.#.....##
#......# ,,,* #...####......#
##..#... ,,,*****#..** ##.##.##
#####.# ,,,,,.,,#.**
#####.###### *##
,,,,,...#.######§#)§[).#..##
,,,,,.......#.#)§))).......#
,,,,,.........o.@#§###....##
,,,,,o..........ooo.<#...###
,,,,,o.....##...##.[..#.##.##
,,,,,......*#...##oo..#.#...#
,,,,,...#.,....o...........###
,,,,,..,#....................##
#
,,,**#**#..#..#...o...........#
# ,,,*
*.#............^.....####
,,,***
*,......#.......#.....##.


You could see an orc high priest (strong), 2 orc warriors, an orc priest and 3
orcs.

Vanquished Creatures
  Gastronok (D:12)
  2 very ugly things (D:15)
  A minotaur (Gauntlet)
  Josephine (D:12)
  A fire dragon (D:9)
  Harold (D:10)
  An ice dragon (Lair:1)
  3 catoblepae
  3 boulder beetles
  7 hydras
  Fannar (Lair:2)
  3 centaur warriors (D:14)
  Erica (D:10)
  A death yak (Lair:1)
  A two-headed ogre (D:9)
  2 death knights
  A hell hog (Volcano)
  A tengu warrior (D:13)
  3 orc high priests (Orc:2)
  A sun demon (Lair:5)
  4 skysharks
  A fire crab (Volcano)
  Lodul (D:12)
  A glowing orange brain (D:15)
  3 wizards
  Pikel (D:8)
  5 orc knights
  A deep elf zephyrmancer (Orc:2)
  3 orc sorcerers
  5 deep elf pyromancers
  15 ugly things
  7 cyclopes
  5 manticores
  A moth of wrath (Gauntlet)
  3 black mambas
  Maurice (D:9)
  3 ice statues (IceCv)
  13 elephants
  An eye of devastation (Lair:5)
  A gargoyle (D:13)
  12 cane toads
  A torpor snail (Lair:4)
  2 orange demons (Lair:5)
  3 rime drakes
  An unseen horror (shapeshifter) (D:13)
  2 freezing wraiths
  6 komodo dragons
  2 kobold demonologists (D:12)
  A komodo dragon (shapeshifter) (D:14)
  An anaconda simulacrum (IceCv)
  2 yaktaurs (shapeshifter)
  A tengu conjurer (D:14)
  4 ice devils
  3 efreet
  8 trolls
  3 meliai (Gauntlet)
  A hornet (D:9)
  6 polar bears
  Prince Ribbit (Lair:2)
  Grinder (D:3)
  A hellwing (Lair:5)
  A tyrant leech (shapeshifter) (D:13)
  23 blink frogs
  8 slime creatures
  5 shadows
  4 water elementals (D:10)
  33 yaks
  6 basilisks
  15 fire bats
  4 wraiths (D:12)
  A dire elephant simulacrum (IceCv)
  4 wyverns
  3 redbacks (Lair:3)
  A death yak simulacrum (Lair:1)
  Menkaure (D:5)
  4 vampire mosquitoes (D:14)
  2 steam dragons
  4 wargs
  4 acid dragons
  Edmund (D:5)
  6 hell hounds
  Duvessa (D:4)
  A floating eye (Lair:5)
  10 water moccasins
  24 orc warriors
  A swamp drake (Orc:2)
  3 black bears
  A sky beast (D:8)
  8 ice beasts
  18 wolves
  11 ogres
  7 centaurs
  3 lemures (D:8)
  3 phantoms
  5 kobold brigands
  16 bullfrogs
  A cane toad simulacrum (IceCv)
  A two-headed ogre simulacrum (Lair:1)
  4 wights (D:7)
  Dowan (D:4)
  11 killer bees
  3 elephant simulacra (IceCv)
  8 howler monkeys
  A crimson imp (Orc:2)
  An iron imp (Orc:2)
  5 hounds
  2 gnoll boudas
  17 orc priests
  A jelly (D:5)
  A sleepcap (D:6)
  Crazy Yiuf (D:6)
  2 iguanas
  26 orc wizards
  A polar bear simulacrum (Lair:1)
  A troll simulacrum (Lair:1)
  5 gnolls (D:5)
  7 adders
  3 shadow imps
  A white imp (Orc:2)
  2 worms (D:3)
  3 dart slugs
  114 orcs
  3 ball pythons (D:1)
  6 endoplasms
  4 giant cockroaches
  12 goblins
  10 hobgoblins
  4 jackals (D:2)
  2 quokkas
  4 bats
  3 frilled lizards
  14 kobolds
  2 rats (D:1)
702 creatures vanquished.

Vanquished Creatures (collateral kills)
  A kobold demonologist (D:10)
  A chaos spawn (Gauntlet)
  A neqoxec (Gauntlet)
3 creatures vanquished.

Vanquished Creatures (others)
  A vampire mosquito (D:11)
1 creature vanquished.

Grand Total: 706 creatures vanquished

Notes
Turn   | Place    | Note
-------+----------+-------------------------------------------
     0 | D:1      | Mahakala the Minotaur Berserker began the quest for the
                  | Orb.
     0 | D:1      | Reached XP level 1. HP: 19/19 MP: 0/0
    54 | D:1      | Reached skill level 4 in Axes
   112 | D:1      | Found a faded altar of an unknown god.
   116 | D:1      | Reached XP level 2. HP: 25/27 MP: 1/1
   415 | D:1      | Reached XP level 3. HP: 27/33 MP: 2/2
   487 | D:1      | Reached ** piety under Trog
   857 | D:2      | Reached skill level 5 in Axes
  1092 | D:2      | Found Komaost's General Store.
  1097 | D:2      | Bought a scroll of fog for 56 gold pieces
  1105 | D:2      | Reached XP level 4. HP: 38/41 MP: 3/3
  1344 | D:2      | Found an iron altar of Okawaru.
  1496 | D:3      | Noticed Grinder
  1505 | D:3      | Killed Grinder
  1506 | D:3      | Reached skill level 5 in Fighting
  1506 | D:3      | Reached skill level 7 in Axes
  1506 | D:3      | Reached XP level 5. HP: 49/49 MP: 4/4
  1506 | D:3      | Reached XP level 6. HP: 56/56 MP: 5/5
  1689 | D:3      | Found the +8 autumn katana {manifold assault}
  1705 | D:3      | Identified the +5 short sword of the Elven Halls {spect,
                  | rPois}
  1713 | D:3      | Identified the ring of Puseliss {Fly rElec SInv}
  1860 | D:3      | Found an ancient bone altar of Kikubaaqudgha.
  2453 | D:4      | Noticed Duvessa
  2453 | D:4      | Noticed Dowan
  2463 | D:4      | Killed Duvessa
  2464 | D:4      | Reached skill level 8 in Axes
  2468 | D:4      | Killed Dowan
  2469 | D:4      | Reached XP level 7. HP: 52/63 MP: 6/6
  2628 | D:5      | Entered Level 5 of the Dungeon
  2630 | D:5      | Noticed a wyvern
  2635 | D:5      | Killed a wyvern
  2636 | D:5      | Reached skill level 9 in Axes
  3169 | D:5      | Noticed Edmund
  3190 | D:5      | Killed Edmund
  3283 | D:5      | Reached XP level 8. HP: 70/70 MP: 7/7
  3335 | D:5      | Noticed Menkaure
  3340 | D:5      | Reached skill level 10 in Axes
  3340 | D:5      | Reached skill level 5 in Armour
  3342 | D:5      | Killed Menkaure
  3674 | D:6      | Found Zin's Purification Station.
  3677 | D:6      | Found a glowing silver altar of Zin.
  3704 | D:6      | Bought a potion of curing for 90 gold pieces
  3751 | D:6      | Reached *** piety under Trog
  4277 | D:6      | Reached skill level 11 in Axes
  4324 | D:6      | Found a runed translucent door.
  4325 | D:6      | Noticed Crazy Yiuf
  4333 | D:6      | Killed Crazy Yiuf
  4593 | D:7      | Found a hide-covered altar of Uskayaw.
  4603 | D:7      | Found a sparkling altar of Nemelex Xobeh.
  4613 | D:7      | Found Wihuhek's Jewellery Boutique.
  4631 | D:7      | Reached XP level 9. HP: 79/80 MP: 8/8
  4860 | D:7      | Found a staircase to the Ecumenical Temple.
  4919 | Temple   | Entered the Ecumenical Temple
  4919 | Temple   | Found a transporter.
  4919 | Temple   | Found a transporter.
  4921 | Temple   | Found a transporter.
  4921 | Temple   | Found a transporter.
  5110 | D:7      | Found an opulent altar of Gozag.
  5304 | D:8      | Found a flagged portal.
  5337 | Bailey   | Entered a bailey
  5542 | Bailey   | Reached **** piety under Trog
  5574 | Bailey   | Reached skill level 12 in Axes
  5878 | Bailey   | Noticed an orc knight
  5892 | Bailey   | Reached skill level 13 in Axes
  5903 | Bailey   | Killed an orc knight
  6217 | D:8      | Acquired a manual of Armour
  6376 | D:8      | Noticed Pikel
  6394 | D:8      | Killed Pikel
  6395 | D:8      | Reached skill level 14 in Axes
  6395 | D:8      | Reached XP level 10. HP: 88/88 MP: 9/9
  6442 | D:8      | Found a shimmering altar of Xom.
  6909 | D:8      | Reached skill level 10 in Armour
  7519 | D:9      | Noticed a boulder beetle
  7538 | D:9      | Noticed a deep elf pyromancer
  7545 | D:9      | Killed a deep elf pyromancer
  7548 | D:9      | Noticed an orc sorcerer
  7550 | D:9      | Noticed a deep elf pyromancer
  7552 | D:9      | Killed an orc sorcerer
  7554 | D:9      | Killed a deep elf pyromancer
  7555 | D:9      | Reached skill level 15 in Axes
  7622 | D:9      | Killed a boulder beetle
  8024 | D:9      | Reached XP level 11. HP: 86/97 MP: 10/10
  8194 | D:9      | Noticed a two-headed ogre
  8219 | D:9      | Killed a two-headed ogre
  8327 | D:9      | Noticed Maurice
  8331 | D:9      | Found an iron altar of Okawaru.
  8338 | D:9      | Killed Maurice
  8424 | D:9      | Reached skill level 16 in Axes
  8604 | D:9      | Identified the +3 mace of Riteoci {antimagic, rC- SInv
                  | Stlth+}
  8608 | D:9      | Noticed a fire dragon
  8610 | D:9      | Identified the +1 quarterstaff "Dehoun" {drain, *Corrode
                  | rElec Int-5 Dex+6}
  8610 | D:9      | Identified the ring "Luh Ysog" {Fly Int+4 Dex+2}
  8618 | D:9      | Killed a fire dragon
  8619 | D:9      | Reached skill level 1 in Evocations
  8963 | D:9      | Noticed an orc knight
  8975 | D:9      | Killed an orc knight
  8976 | D:9      | Reached skill level 10 in Fighting
  9160 | D:10     | Entered Level 10 of the Dungeon
  9524 | D:10     | Found a radiant altar of Vehumet.
  9580 | D:10     | Found a staircase to the Lair.
  9871 | D:10     | Reached skill level 17 in Axes
  9993 | D:10     | Noticed Erica
 10004 | D:10     | Killed Erica
 10064 | D:10     | Noticed a soul eater
 10066 | D:10     | Noticed Harold
 10079 | D:10     | Killed Harold
 10080 | D:10     | Reached XP level 12. HP: 108/108 MP: 11/11
 10143 | D:10     | Found a snail-covered altar of Cheibriados.
 10367 | Lair:1   | Entered Level 1 of the Lair of Beasts
 10879 | Lair:1   | Noticed a death yak
 10901 | Lair:1   | Killed a death yak
 11052 | Lair:1   | Noticed an ice dragon
 11063 | Lair:1   | Killed an ice dragon
 11064 | Lair:1   | Reached skill level 18 in Axes
 11556 | Lair:1   | Noticed a catoblepas
 11569 | Lair:1   | Killed a catoblepas
 11570 | Lair:1   | Reached skill level 5 in Evocations
 12213 | Lair:2   | Noticed Prince Ribbit
 12226 | Lair:2   | Killed Prince Ribbit
 12344 | Lair:2   | Noticed Fannar
 12360 | Lair:2   | Killed Fannar
 12856 | Lair:2   | Reached skill level 19 in Axes
 13023 | Lair:2   | Found a staircase to the Shoals.
 13214 | Lair:2   | Reached XP level 13. HP: 103/119 MP: 12/12
 13379 | Lair:2   | Found a hide-covered altar of Uskayaw.
 13739 | Lair:3   | Found a hole to the Spider Nest.
 13874 | Lair:3   | Identified the +1 plate armour of Fortification {rF+ Str+5
                  | Dex-2}
 14707 | Lair:4   | Found a gate leading to a gauntlet.
 14745 | Gauntlet | Entered a Gauntlet
 14745 | Gauntlet | Found a transporter.
 14745 | Gauntlet | Found a transporter.
 14745 | Gauntlet | Found a transporter.
 14851 | Gauntlet | Found a transporter.
 14855 | Gauntlet | Found a transporter.
 14855 | Gauntlet | Found a transporter.
 14863 | Gauntlet | Found a runed translucent door.
 14864 | Gauntlet | Found a transporter.
 14865 | Gauntlet | Found a transporter.
 14866 | Gauntlet | Found a transporter.
 14867 | Gauntlet | Found a transporter.
 14878 | Gauntlet | Found a transporter.
 14879 | Gauntlet | Found a transporter.
 15157 | Gauntlet | Identified the +0 helmet of the Sacrificial Victim {rN+
                  | Str+3 Dex+4}
 15195 | Gauntlet | Identified the +11 flail "Dacuah" {freeze, *Slow rN++
                  | Dex+5}
 15195 | Gauntlet | Identified the +2 plate armour "Kemungaje" {Rampage Will+
                  | Dex+3}
 15195 | Gauntlet | Noticed a minotaur
 15203 | Gauntlet | Killed a minotaur
 15204 | Gauntlet | Reached skill level 20 in Axes
 15204 | Gauntlet | Reached skill level 15 in Armour
 15470 | Gauntlet | Identified the +1 helmet of Freedom {Str+3 Slay+2}
 15472 | Gauntlet | Identified the +7 rapier of Quantum Leap {freeze, rC+
                  | rCorr}
 16156 | Lair:5   | Entered Level 5 of the Lair of Beasts
 16239 | Lair:5   | Identified the +4 spear of Revolt {venom, Fly rCorr}
 16695 | Lair:5   | Found a viscous altar of Jiyva.
 16699 | Lair:5   | Found a staircase to the Slime Pits.
 16718 | Lair:5   | Reached XP level 14. HP: 129/129 MP: 13/13
 16733 | Lair:5   | Reached ***** piety under Trog
 16820 | Lair:5   | Reached skill level 1 in Throwing
 17509 | Lair:5   | Found a burning altar of Makhleb.
 17675 | Lair:5   | Found a gateway to Hell.
 18332 | D:11     | Noticed tizbic2's ghost (journeyman NaFi)
 18350 | D:11     | Found a transporter.
 18360 | D:11     | Found a transporter.
 18606 | D:11     | Found Fenizio's Distillery.
 18613 | D:11     | Bought a potion of heal wounds for 55 gold pieces
 18613 | D:11     | Bought a potion of haste for 110 gold pieces
 18968 | D:12     | Noticed Gastronok
 18979 | D:12     | Killed Gastronok
 19054 | D:12     | Found a portal to a secret trove of treasure.
 19154 | D:12     | Noticed Josephine
 19165 | D:12     | Killed Josephine
 19166 | D:12     | Reached skill level 5 in Throwing
 19188 | D:12     | Received a gift from Trog
 19299 | D:12     | Found a staircase to the Orcish Mines.
 19487 | D:12     | Noticed Lodul
 19494 | D:12     | Killed Lodul
 19929 | D:13     | Found a gate to the Vaults.
 20147 | D:13     | Found Junnusoh's Antique Weapon Shoppe.
 20484 | D:13     | Reached skill level 15 in Fighting
 20867 | D:13     | Found a shimmering blue altar of Sif Muna.
 21539 | D:14     | Found a basalt altar of Yredelemnul.
 21832 | D:14     | Reached XP level 15. HP: 143/143 MP: 9/14
 22384 | D:15     | Entered Level 15 of the Dungeon
 22688 | D:15     | Reached XP level 16. HP: 152/152 MP: 15/15
 22934 | D:15     | Identified the +7 plate armour of Xarymp {rElec rC- Int+3
                  | Dex+2}
 23036 | D:15     | Found a blossoming altar of Fedhas.
 23231 | D:15     | Received a gift from Trog
 23744 | D:15     | Found a staircase to the Depths.
 23868 | Orc:1    | Entered Level 1 of the Orcish Mines
 23907 | Orc:1    | Found a dark tunnel.
 23916 | Volcano  | Entered a volcano
 24122 | Orc:2    | Entered Level 2 of the Orcish Mines
 24423 | Orc:2    | Found a staircase to the Elven Halls.
 24431 | Orc:2    | Found Teeneiwe's General Store.
 24450 | Orc:1    | Found a frozen archway.
 24463 | IceCv    | Entered an ice cave
 24623 | IceCv    | Reached skill level 10 in Throwing
 25373 | Orc:2    | HP: 4/232 [orc priest/divine providence (10)]
 25373 | Orc:2    | Slain by an orc warrior

Illustrated notes

Levels and vault maps discovered:
D:1:      lightli_arrival_lavapool, layout_loops_ring,
          dreamdust_ecumenical_altar_statues, minmay_misc_feat_encased
D:2:      layout_loops_ring, serial_shops, shop, basic_altar,
          kennysheep_generic_room_11
D:3:      layout_rooms, mainiacjoe_overflow_24_doors, serial_glass,
          glass_columns_c, glass_columns_a,
          nicolae_concentric_dashed_squares_wild, minmay_misc_feat_four_crosses,
          uniq_grinder
D:4:      dreamdust_elfheim, layout_rooms
D:5:      layout_basic, uniq_edmund, uniq_menkaure
D:6:      layout_loops_cross, zin_purify, uniq_crazy_yiuf_cottage
D:7:      layout_cave_pools, mainiacjoe_overflow_catwalk_spiral,
          amcnicky_altar_gilded, minmay_temple_entry_gardened_gates,
          serial_shops, shop
D:8:      layout_basic, mainiacjoe_overflow_tiny_flanked, enter_bailey_6,
          hangedman_decor_points, st_stairs_2, fountainhead,
          lightli_orcish_oven, uniq_pikel
D:9:      minmay_the_grid_3x2 [minmay_the_grid_square_x,
          minmay_the_grid_tri_star, minmay_the_grid_armoury,
          minmay_the_grid_empty, minmay_the_grid_doors,
          minmay_the_grid_prize_diamond_cup], layout_gridville,
          mainiacjoe_overflow_catwalk, minmay_strange_pillars,
          nzn_sisyphean_effort, uniq_maurice
D:10:     layout_cave_pools, mainiacjoe_overflow_paths, lemuel_doored_altar,
          hellmonk_lair_entry_icy, nicolae_underground_beach, uniq_erica,
          uniq_harold
D:11:     layout_basic, serial_shops, nicolae_shop_pleasant_corner_grove,
          gammafunk_ghost_arena
D:12:     layout_long_grid, trove_entry_hex_spiral, uniq_lodul, uniq_gastronok,
          uniq_josephine
D:13:     layout_irregular_city, david_vaults_2, serial_shops,
          nicolae_shop_tiny_statue_garden, led_sif_pool
D:14:     kennysheep_bubbly, layout_basic, minmay_ruined_shrine
D:15:     gammafunk_enter_depths_forms, layout_basic,
          chequers_serial_rivers_large_a, fedhas_altar_fruit_tree
Temple:   hellmonk_temple_divided_pantheon
Lair:1:   dreamdust_isle_of_ice, layout_cave_pods
Lair:2:   layout_misc_corridors, shoals_dummy_entry, basic_altar, uniq_fannar,
          uniq_prince_ribbit2
Lair:3:   layout_long_grid, spider_nest_entry_webs, beast_lair_carwin_1
Lair:4:   layout_gridlike, gauntlet_entry_generic, grunt_megastairs_2
Lair:5:   evil_forest, layout_loops_ring, minmay_slime_entry_eyes
Orc:1:    layout_caves, basic_altar, portal_ice_cave_entry_pillars_2,
          nicolae_volcano_entry_batcave
Orc:2:    st_orc_congregation, layout_caves, serial_shops, nicolae_shop_stone,
          hangedman_minor_magic

Skill      XL: |  1  2  3  4  5  6  7  8  9 10 11 12 13 14 15 16 |
---------------+-------------------------------------------------+-----
Axes           | 4 5 7 8 9 11 14 15 17 19 20 | 20.0
Fighting       | 4 5 6 7 8 9 10 12 13 15 16 17 | 17.2
Armour         | 4 7 9 12 14 18 19 | 19.0
Evocations     | 3 6 7 |  7.3
Throwing       | 7 9 10 | 10.0
Dodging        | 6 8 |  8.5

Action                     |  1- 3 |  4- 6 |  7- 9 | 10-12 | 13-15 | 16-18 || total
---------------------------+-------+-------+-------+-------+-------+-------++-------
  Melee: Hand axe          |    94 |    34 |       |       |       |       ||   128
         Headbutt          |    10 |    16 |    44 |   112 |   109 |    37 ||   328
         War axe           |       |    30 |   244 |    30 |       |       ||   304
         Punch             |       |     3 |     7 |       |       |       ||    10
         Battleaxe         |       |       |       |   458 |   511 |   213 ||  1182
         Unarmed           |       |       |       |     1 |       |       ||     1
  Throw: Dart              |       |       |       |    14 |     5 |     6 ||    25
         Javelin           |       |       |       |       |     8 |       ||     8
         Boomerang         |       |       |       |       |     3 |       ||     3
 Invoke: Berserk           |       |     2 |     8 |    16 |    14 |     1 ||    41
         Trog's Hand       |       |     2 |       |     4 |     4 |     3 ||    13
         Brothers in Arms  |       |       |     1 |     1 |     2 |       ||     4
  Evoke: Wand              |       |       |       |     2 |     1 |       ||     3
         Phantom mirror    |       |       |       |       |     1 |       ||     1
    Use: Scroll            |       |     2 |     9 |     3 |    13 |     2 ||    29
         Potion            |       |       |       |     2 |     2 |     1 ||     5
   Stab: Distracted        |       |       |       |     1 |       |       ||     1
         Invisible         |       |       |       |     1 |       |       ||     1
         Petrified         |       |       |       |       |     1 |       ||     1
 Armour: Animal skin       |    18 |       |       |       |       |       ||    18
         Ring mail         |    12 |    14 |       |       |       |       ||    26
         Chain mail        |       |       |    95 |    21 |       |       ||   116
         Plate armour      |       |       |       |   252 |   345 |   127 ||   724
  Dodge: Dodged            |    61 |    26 |    99 |   177 |   235 |    98 ||   696
